 Dungeon Crawl Stone Soup version 0.24.0-1-gfbc8707122 (console) character file.

Game seed: 18406729289655365045, levelgen mode: deterministic

1780 AlterAsc the Firebug (level 8, -3/57 HPs)
             Began as a Yellow Draconian Fire Elementalist on Oct 26, 2019.
             Was an Initiate of Sif Muna.
             Shot with a sling bullet by Joseph (11 damage)
             ... on level 7 of the Dungeon.
             The game lasted 00:49:42 (8630 turns).

AlterAsc the Firebug (DrFE)                         Turns: 8630, Time: 00:49:42

Health: -3/57      AC:  8    Str: 11 (12) XL:     8   Next: 81%
Magic:  1/26       EV: 12    Int: 17 (18) God:    Sif Muna [......]
Gold:   313        SH:  0    Dex: 10 (12) Spells: 6/19 levels left

rFire    . . .     SeeInvis .   L - +2 shortbow (velocity)
rCold    . . .     Gourm    +   (shield currently unavailable)
rNeg     . . .     Faith    .   (armour unavailable)
rPois    .         Spirit   .   (helmet restricted)
rElec    .         Reflect  .   (no cloak)
rCorr    +         Harm     .   r - +0 pair of gloves
MR       .....                  s - +0 pair of boots
Stlth    ++........             f - amulet of the gourmand
HPRegen  0.19/turn              m - +2 ring of strength
MPRegen  0.20/turn              C - ring of magical power

@: very slightly contaminated, invisible
A: spit acid, unfitting armour, cold-blooded, acid resistance, AC +6
a: Breathe Acid, Renounce Religion


You were on level 7 of the Dungeon.
You worshipped Sif Muna.
Sif Muna was noncommittal.
You were not hungry.

You visited 2 branches of the dungeon, and saw 8 of its levels.

You collected 357 gold pieces.
You spent 44 gold pieces at shops.

Inventory:

Hand Weapons
 c - a +0 dagger
 h - a +0 club
 j - a +0 trident
 q - a +0 club
 t - a +0 hunting sling
 L - a +2 shortbow of velocity (weapon)
Missiles
 g - 363 stones
 n - 61 bolts
 H - 38 arrows (quivered)
Armour
 r - a +0 pair of gloves (worn)
 s - a +0 pair of boots (worn)
 I - a +2 robe of fire resistance
Jewellery
 f - an amulet of the gourmand (around neck)
 l - an uncursed amulet of harm
 m - a +2 ring of strength (left hand)
 z - an uncursed ring of stealth
 A - an uncursed ring of flight {unknown}
 C - a ring of magical power (right hand)
 M - an uncursed ring of ice {unknown}
 R - a cursed -3 ring of evasion {unknown}
Wands
 K - a wand of flame (10)
 Q - a wand of clouds (5)
Scrolls
 a - a scroll of fog {unknown}
 d - a scroll of silence {unknown}
 e - 5 scrolls of identify
 k - 4 scrolls of teleportation
 u - 4 scrolls of fear
 v - 3 scrolls of remove curse {unknown}
 y - a scroll of immolation {unknown}
 D - 2 scrolls of noise {unknown}
 G - a scroll of enchant armour {unknown}
 N - a scroll of blinking {unknown}
Potions
 i - 2 potions of heal wounds {unknown}
 o - a potion of might
 p - 2 potions of flight
 w - a potion of mutation {unknown}
 x - 3 potions of lignification
 B - a potion of degeneration
 F - a potion of magic {unknown}
 J - 2 potions of curing
 O - 2 potions of resistance {unknown}
 P - a potion of agility
Comestibles
 b - 8 rations


   Skills:
 - Level 2.0 Dodging
 - Level 2.0 Stealth
 * Level 6.2 Spellcasting
 * Level 6.5 Conjurations
 * Level 7.2 Fire Magic


You had 6 spell levels left.
You knew the following spells:

 Your Spells              Type           Power        Failure   Level  Hunger
a - Flame Tongue          Conj/Fire      ####.        1%          1    None
b - Conjure Flame         Conj/Fire      ####....     2%          3    ##.....
c - Sticky Flame          Conj/Fire      ####....     8%          4    ####...
d - Fireball              Conj/Fire      ####......   21%         5    #####..

Your spell library contained the following spells:

 Spells                   Type           Power        Failure   Level  Hunger
 Throw Flame              Conj/Fire      ####..       1%          2    None
 Inner Flame              Hex/Fire       ###.....     9%          3    ##.....


Dungeon Overview and Level Annotations

Branches:
Dungeon (7/15)             Temple (1/1) D:6

Altars:
Ashenzari
Cheibriados
Dithmenos
Elyvilon
Fedhas
Hepliaklqana
Kikubaaqudgha
Makhleb
Nemelex Xobeh
Okawaru
Qazlal
Ru
Sif Muna
Trog
Uskayaw
Vehumet
Wu Jian
Xom
Zin
The Shining One

Shops:
D:6 *

Annotations:
D:7 Joseph


Innate Abilities, Weirdness & Mutations

You can spit globs of acid.
Your golden yellow scales are hard. (AC +6)
You cannot fit into any form of body armour.
You are cold-blooded and may be slowed by cold attacks.
You are resistant to acid. (rCorr)


Message History

Aim: Joseph, wielding a +0 hunting sling and wearing a +0 leather armour (severely wounded)
The flame tongue hits Joseph.
Joseph is severely wounded.
Casting: Flame Tongue (safe; 1% risk of failure)
Confirm with . or Enter, or press ? or * to list all spells.
Aiming: Flame Tongue (safe; 1% risk of failure)
Press: ? - help, Shift-Dir - straight line, f/p - Joseph
Aim: Joseph, wielding a +0 hunting sling and wearing a +0 leather armour (severely wounded)
The flame tongue hits Joseph.
Joseph is severely wounded.
Joseph shoots a sling bullet.
The sling bullet hits you!
* * * LOW HITPOINT WARNING * * *
Okay, then.
You fade into invisibility!
Press: ? - help, v - describe, . - travel, g - get item
Here: Joseph, wielding a +0 hunting sling and wearing a +0 leather armour (severely wounded) 4 sling bullets.
The floor, spattered with blood.
Joseph shoots a sling bullet.
The sling bullet hits you!
You die...

.....##..................#..#.
##...............###..........
####...........#####.........
##.................>....##.
###.......<...........#..##..
#....................##.###..
#.......................##..
###........................##.
#..........@(@##..............
##.......(..#.................
#......##(#.#................#
#..................)...##.....#
#....##...###..(.......##..#.##
#....#.....#........... #.###.
#...###................. ... ..
...# #........###....?.. ...
#......#### ......?


You could see Joseph.

Vanquished Creatures
  A hippogriff (D:6)
  Menkaure (D:6)
  An orc warrior (D:6)
  A sky beast (D:6)
  An ice beast (D:5)
  2 phantoms
  A centaur (D:5)
  A scorpion (D:6)
  3 jellies
  A quasit (D:6)
  3 hounds
  6 orc wizards
  A bullfrog skeleton (D:6)
  3 orc priests
  A centaur skeleton (D:5)
  An iguana (D:7)
  Terence (D:2)
  4 worker ants (D:4)
  Robin (D:2)
  9 adders
  An adder zombie (D:6)
  2 worms (D:2)
  4 leopard geckos
  19 orcs
  A ball python (D:3)
  A giant cockroach (D:4)
  16 goblins
  8 hobgoblins
  4 jackals
  11 kobolds
  2 quokkas (D:2)
  8 bats
  2 frilled lizards
  A leopard gecko skeleton (D:4)
  6 rats
129 creatures vanquished.

Vanquished Creatures (others)
  A crimson imp (D:7)
  A bullfrog zombie (D:7)
  An adder (D:7)
3 creatures vanquished.

Grand Total: 132 creatures vanquished

Notes
Turn   | Place    | Note
-------+----------+-------------------------------------------
     0 | D:1      | AlterAsc the Draconian Fire Elementalist began the quest
                  | for the Orb.
     0 | D:1      | Reached XP level 1. HP: 14/14 MP: 3/3
   318 | D:1      | Reached XP level 2. HP: 16/20 MP: 0/5
   998 | D:2      | Reached XP level 3. HP: 12/26 MP: 0/6
  1318 | D:2      | Noticed Terence
  2445 | D:2      | Reached XP level 4. HP: 21/33 MP: 5/8
  2638 | D:1      | HP: 1/33 [adder (2)]
  2918 | D:2      | Killed Terence
  3058 | D:2      | Noticed Robin
  3280 | D:1      | Reached skill level 4 in Fire Magic
  3306 | D:2      | Killed Robin
  3307 | D:2      | Reached XP level 5. HP: 30/38 MP: 1/9
  4175 | D:3      | Learned a level 3 spell: Conjure Flame
  4180 | D:3      | Learned a level 4 spell: Sticky Flame
  4604 | D:4      | Reached XP level 6. HP: 45/45 MP: 11/11
  4855 | D:4      | Found a hazy altar of Hepliaklqana.
  4898 | D:4      | Found a bloodstained altar of Trog.
  5468 | D:4      | Found a shadowy altar of Dithmenos.
  5630 | D:5      | Entered Level 5 of the Dungeon
  5710 | D:5      | Reached skill level 5 in Fire Magic
  5746 | D:5      | Your scales start taking on a golden yellow colour.
  5746 | D:5      | Reached XP level 7. HP: 24/50 MP: 1/13
  5746 | D:5      | Gained mutation: You are resistant to acid. (rCorr) [Yellow
                  | Draconian growth]
  6118 | D:5      | Found a sparkling altar of Nemelex Xobeh.
  6503 | D:6      | Found a staircase to the Ecumenical Temple.
  6514 | Temple   | Entered the Ecumenical Temple
  6603 | Temple   | Became a worshipper of Vehumet
  6717 | D:6      | Found Qaownituy's Assorted Antiques.
  6725 | D:6      | Bought a scroll labeled EMNOPENOEPN for 22 gold pieces
  6725 | D:6      | Bought a scroll labeled TIMAUMOCAOM for 22 gold pieces
  6863 | D:6      | Found a shattered altar of Ashenzari.
  6914 | D:6      | Noticed Menkaure
  6919 | D:6      | Killed Menkaure
  6919 | D:6      | Reached skill level 5 in Spellcasting
  6919 | D:6      | Reached skill level 5 in Conjurations
  6919 | D:6      | Reached skill level 6 in Fire Magic
  7103 | D:6      | Noticed a hippogriff
  7111 | D:6      | Killed a hippogriff
  7111 | D:6      | Reached XP level 8. HP: 51/57 MP: 16/16
  7121 | D:6      | Found a shimmering blue altar of Sif Muna.
  7121 | D:6      | Found a white marble altar of Elyvilon.
  7582 | D:6      | Found a shimmering blue altar of Sif Muna.
  7703 | D:6      | Fell from the grace of Vehumet
  7703 | D:6      | Became a worshipper of Sif Muna the Loreminder
  7864 | D:7      | Reached skill level 7 in Fire Magic
  8050 | D:6      | Learned a level 5 spell: Fireball
  8093 | D:7      | Noticed Joseph
  8630 | D:7      | Shot with a sling bullet by Joseph

Levels and vault maps discovered:
D:1:      lemuel_arrival_tunnels, layout_basic, minmay_misc_feat_chi
D:2:      minmay_wonky_spiral, layout_loops_cross, minmay_tetromino_i4,
          uniq_terence, uniq_robin
D:3:      layout_basic
D:4:      layout_rooms, lemuel_crystal_altar, bloody_trog,
          nicolae_dithmenos_through_a_glass_darkly
D:5:      layout_gridville, kennysheep_mini, first_ration,
          minmay_fractal_squares_5
D:6:      kennysheep_orc_sif_temple, layout_basic, evilmike_ruin_ashenzari,
          gammafunk_temple_overflow_wave, temple_statues, serial_shops, shop,
          uniq_menkaure
D:7:      layout_cave_pools, uniq_joseph
Temple:   zaba_magenta_temple

Skill      XL: |  1  2  3  4  5  6  7  8 |
---------------+-------------------------+-----
Stealth        | 2 |  2.0
Dodging        | 2 |  2.0
Conjurations   | 2 3 4 5 6 |  6.5
Spellcasting   | 3 4 5 6 |  6.2
Fire Magic     | 4 5 6 7 |  7.2

Action                   |  1- 3 |  4- 6 |  7- 9 || total
-------------------------+-------+-------+-------++-------
Melee: Club              |    23 |     3 |       ||    26
       Tailslap          |     1 |     8 |       ||     9
       Trident           |       |   115 |       ||   115
 Fire: Hunting sling     |       |    63 |       ||    63
       Shortbow          |       |       |    21 ||    21
Throw: Stone             |    24 |     6 |     1 ||    31
 Cast: Flame Tongue      |    70 |   143 |   101 ||   314
       Sticky Flame      |       |     2 |     7 ||     9
       Conjure Flame     |       |     1 |     1 ||     2
       Fireball          |       |       |     4 ||     4
  Use: Potion            |       |     4 |     4 ||     8
       Scroll            |       |     3 |     2 ||     5
  Eat: Chunk             |     6 |    17 |     9 ||    32
       Ration            |     1 |       |       ||     1
Armor: Skin              |    43 |   106 |    35 ||   184
Dodge: Dodged            |    60 |   142 |    55 ||   257
